[ AOE2 MATCH · #505086408 ]
UnrankedBohemians vs Poles
Player's team · LOSS
Rival team · WIN
[ REPLAY ANALYSIS · EXTRACTED FROM THE RECORDED GAME ]
Feudal
10:23
Castle
22:28
Imperial
27:55
| APM avg | 64.1 |
| APM peak | 124 |
| eAPM avg | 36.9 |
| Villagers / military | 118 / 29 |
Focus
⚔️ 30.2% · 🌾 69.8%
Spearman ×9 · Hussite Wagon ×9 · Bombard Cannon ×7 · Trebuchet (Packed) ×4
Feudal
8:09
Castle
21:02
Imperial
30:25
| APM avg | 58.4 |
| APM peak | 99 |
| eAPM avg | 37.4 |
| Villagers / military | 219 / 128 |
Focus
⚔️ 46.2% · 🌾 53.8%
Archer ×59 · Obuch ×17 · Scout Cavalry ×17 · Battering Ram ×11 · Monk ×10 · Knight ×7
Match map
Initial resources + every placement click. Lines = walls · curves = elevation contours. ◆ gold · ⬟ stone · ● berries · ✦ relic · ◌ wall gap
Your base· ✓ Closed at 22:28 · 30t walls · 3 gate(s)
DS_Gabo's base· ✓ Closed at 21:02 · 0t walls · 2 gate(s)
Smoothed initial terrain · ◌ = detected wall gap · hover for details
Inputs per minute
— KryptixXL - - DS_Gabo
Build order — KryptixXL
First 150 of 247 actions detected
| 0:00 | Queue | Villager (Male) ×4 |
| 0:02 | Build | House |
| 0:03 | Build | House |
| 1:18 | Queue | Villager (Male) |
| 1:44 | Build | Lumber Camp |
| 1:59 | Queue | Villager (Male) |
| 2:04 | Queue | Villager (Male) |
| 2:04 | Queue | Villager (Male) |
| 2:33 | Queue | Villager (Male) |
| 3:00 | Queue | Villager (Male) |
| 3:27 | Queue | Villager (Male) |
| 3:27 | Queue | Villager (Male) |
| 3:54 | Queue | Villager (Male) |
| 3:54 | Queue | Villager (Male) |
| 4:13 | Queue | Villager (Male) |
| 4:26 | Research | Loom |
| 4:28 | Build | House |
| 4:29 | Build | House |
| 4:36 | Queue | Villager (Male) |
| 4:36 | Queue | Villager (Male) |
| 4:41 | Queue | Villager (Male) |
| 4:41 | Queue | Villager (Male) |
| 5:10 | Queue | Villager (Male) |
| 5:11 | Queue | Villager (Male) |
| 5:11 | Queue | Villager (Male) |
| 5:31 | Build | Mill |
| 5:39 | Queue | Villager (Male) |
| 5:39 | Queue | Villager (Male) |
| 5:39 | Queue | Villager (Male) |
| 6:14 | Build | Farm |
| 6:18 | Build | Farm |
| 6:51 | Queue | Villager (Male) |
| 7:16 | Build | Mill |
| 7:56 | Build | Palisade Wall |
| 7:59 | Build | Palisade Wall |
| 8:03 | Build | House |
| 8:05 | Build | House |
| 8:07 | Queue | Villager (Male) |
| 8:07 | Queue | Villager (Male) |
| 8:09 | Research | Feudal Age |
| 8:38 | Build | Palisade Wall |
| 9:12 | Queue | Villager (Male) |
| 9:20 | Build | Palisade Wall |
| 9:49 | Queue | Villager (Male) |
| 9:49 | Queue | Villager (Male) |
| 10:08 | Build | Mining Camp |
| 10:11 | Queue | Villager (Male) |
| 10:17 | Build | House |
| 10:23 | Age | Feudal Age |
| 10:37 | Research | Loom |
| 10:53 | Build | House |
| 11:19 | Build | Watch Tower |
| 11:23 | Build | House |
| 11:25 | Build | House |
| 11:29 | Build | House |
| 11:30 | Build | Palisade Wall |
| 11:41 | Queue | Villager (Male) |
| 11:42 | Queue | Villager (Male) |
| 12:05 | Queue | Villager (Male) |
| 12:05 | Queue | Villager (Male) |
| 12:15 | Build | Watch Tower |
| 12:18 | Queue | Villager (Male) |
| 12:19 | Queue | Villager (Male) |
| 12:42 | Build | Blacksmith |
| 12:44 | Queue | Villager (Male) |
| 13:05 | Queue | Villager (Male) |
| 13:11 | Build | Farm |
| 13:19 | Build | Farm |
| 13:41 | Build | Farm |
| 13:43 | Research | Fletching |
| 14:07 | Queue | Villager (Male) |
| 14:07 | Queue | Villager (Male) |
| 14:10 | Build | Mining Camp |
| 14:39 | Queue | Villager (Male) |
| 14:39 | Queue | Villager (Male) |
| 14:39 | Queue | Villager (Male) |
| 15:02 | Queue | Villager (Male) |
| 15:02 | Queue | Villager (Male) |
| 15:09 | Research | Double-Bit Axe |
| 15:35 | Build | Stone Wall |
| 15:56 | Build | Farm |
| 15:58 | Build | Farm |
| 15:59 | Build | Farm |
| 16:22 | Queue | Villager (Male) |
| 16:36 | Queue | Villager (Male) |
| 16:41 | Build | Market |
| 17:02 | Build | Watch Tower |
| 17:09 | Build | Watch Tower |
| 17:18 | Queue | Villager (Male) |
| 17:51 | Build | Watch Tower |
| 17:55 | Queue | Villager (Male) |
| 18:06 | Queue | Villager (Male) |
| 18:26 | Build | Farm |
| 18:43 | Queue | Villager (Male) |
| 19:12 | Queue | Villager (Male) |
| 19:26 | Queue | Villager (Male) |
| 19:45 | Research | Castle Age |
| 19:48 | Research | Castle Age |
| 19:50 | Queue | Villager (Male) |
| 19:52 | Build | Farm |
| 20:27 | Queue | Villager (Male) |
| 21:06 | Queue | Villager (Male) |
| 21:06 | Queue | Villager (Male) |
| 21:15 | Queue | Villager (Male) |
| 21:41 | Build | Watch Tower |
| 22:28 | Age | Castle Age |
| 22:46 | Build | Siege Workshop |
| 22:50 | Build | Castle |
| 22:54 | Queue | Villager (Male) |
| 23:13 | Build | Lumber Camp |
| 23:23 | Queue | Villager (Male) |
| 23:26 | Build | House |
| 24:15 | Build | Farm |
| 24:45 | Research | Imperial Age |
| 24:45 | Research | Imperial Age |
| 24:49 | Queue | Villager (Male) |
| 25:18 | Queue | Hussite Wagon |
| 25:28 | Queue | Villager (Male) |
| 25:43 | Queue | Hussite Wagon |
| 25:44 | Queue | Villager (Male) |
| 25:44 | Queue | Villager (Male) |
| 26:00 | Build | University |
| 26:37 | Research | Chemistry |
| 26:37 | Research | Chemistry |
| 27:02 | Queue | Villager (Male) |
| 27:02 | Queue | Villager (Male) |
| 27:10 | Queue | Hussite Wagon |
| 27:55 | Age | Imperial Age |
| 27:56 | Queue | Trebuchet (Packed) |
| 27:56 | Queue | Trebuchet (Packed) |
| 27:59 | Build | Farm |
| 28:00 | Queue | Villager (Male) |
| 28:09 | Queue | Hussite Wagon |
| 28:27 | Queue | Bombard Cannon |
| 29:06 | Queue | Hussite Wagon |
| 30:07 | Build | Town Center |
| 30:23 | Queue | Villager (Male) |
| 30:23 | Queue | Villager (Male) |
| 30:39 | Queue | Trebuchet (Packed) |
| 30:44 | Queue | Bombard Cannon |
| 30:45 | Queue | Bombard Cannon |
| 31:07 | Build | House |
| 31:10 | Build | Stone Wall |
| 31:23 | Build | Stone Wall |
| 32:17 | Queue | Hussite Wagon |
| 32:17 | Queue | Hussite Wagon |
| 32:29 | Build | Farm |
| 32:40 | Queue | Villager (Male) |
| 32:40 | Queue | Villager (Male) |
| 32:40 | Queue | Villager (Male) |
Build order — DS_Gabo
First 150 of 413 actions detected
| 0:00 | Queue | Villager (Male) |
| 0:00 | Queue | Villager (Male) |
| 0:01 | Build | House |
| 0:03 | Build | House |
| 0:04 | Queue | Villager (Male) ×2 |
| 1:15 | Queue | Villager (Male) |
| 1:22 | Build | Mill |
| 1:57 | Queue | Villager (Male) |
| 2:33 | Queue | Villager (Male) |
| 2:39 | Queue | Villager (Male) |
| 2:53 | Queue | Villager (Male) |
| 3:12 | Queue | Villager (Male) |
| 3:33 | Queue | Villager (Male) |
| 3:42 | Queue | Villager (Male) |
| 3:53 | Queue | Villager (Male) |
| 4:09 | Queue | Villager (Male) |
| 4:36 | Queue | Villager (Male) |
| 4:43 | Queue | Villager (Male) |
| 4:43 | Queue | Villager (Male) |
| 5:00 | Build | Lumber Camp |
| 5:13 | Queue | Villager (Male) |
| 5:13 | Queue | Villager (Male) |
| 5:59 | Research | Feudal Age |
| 6:42 | Research | Loom |
| 6:42 | Queue | Villager (Male) |
| 7:00 | Build | Mining Camp |
| 7:24 | Build | Palisade Gate |
| 8:09 | Age | Feudal Age |
| 8:11 | Build | Watch Tower |
| 8:17 | Queue | Villager (Male) |
| 8:17 | Queue | Villager (Male) ×3 |
| 8:22 | Research | Double-Bit Axe |
| 8:23 | Queue | Villager (Male) |
| 8:28 | Build | House |
| 9:37 | Build | Watch Tower |
| 9:38 | Queue | Villager (Male) |
| 10:00 | Queue | Villager (Male) |
| 10:16 | Build | Mill |
| 10:54 | Queue | Villager (Male) |
| 11:13 | Queue | Villager (Male) |
| 11:35 | Queue | Villager (Male) |
| 12:11 | Queue | Villager (Male) |
| 12:16 | Build | Farm |
| 12:16 | Build | Farm |
| 12:17 | Build | Farm |
| 12:22 | Build | Watch Tower |
| 12:25 | Queue | Villager (Male) |
| 12:29 | Queue | Villager (Male) |
| 12:32 | Build | House |
| 12:42 | Queue | Villager (Male) |
| 12:53 | Build | Farm |
| 13:06 | Build | House |
| 13:06 | Queue | Villager (Male) |
| 13:06 | Queue | Villager (Male) |
| 13:06 | Queue | Villager (Male) |
| 13:06 | Queue | Villager (Male) |
| 13:06 | Queue | Villager (Male) |
| 13:06 | Queue | Villager (Male) |
| 13:06 | Queue | Villager (Male) |
| 13:06 | Queue | Villager (Male) |
| 13:06 | Queue | Villager (Male) |
| 13:33 | Queue | Villager (Male) |
| 13:33 | Queue | Villager (Male) ×2 |
| 13:33 | Queue | Villager (Male) ×2 |
| 13:43 | Build | Watch Tower |
| 13:54 | Queue | Villager (Male) |
| 13:54 | Queue | Villager (Male) |
| 14:06 | Build | Blacksmith |
| 14:31 | Queue | Villager (Male) ×2 |
| 14:32 | Queue | Villager (Male) |
| 14:46 | Queue | Villager (Male) |
| 15:09 | Build | Lumber Camp |
| 15:32 | Build | House |
| 16:00 | Build | Outpost |
| 16:06 | Build | Outpost |
| 16:13 | Build | House |
| 16:32 | Build | Market |
| 16:43 | Queue | Villager (Male) |
| 16:48 | Build | Farm |
| 16:52 | Build | Farm |
| 17:05 | Queue | Villager (Male) |
| 17:14 | Build | Farm |
| 17:29 | Build | Watch Tower |
| 18:22 | Research | Castle Age |
| 19:10 | Build | House |
| 19:29 | Research | Scale Mail Armor |
| 20:25 | Research | Horse Collar |
| 21:02 | Age | Castle Age |
| 21:05 | Queue | Villager (Male) |
| 21:19 | Build | Castle |
| 21:31 | Queue | Villager (Male) |
| 21:32 | Queue | Villager (Male) ×5 |
| 21:32 | Queue | Villager (Male) ×5 |
| 21:39 | Build | Siege Workshop |
| 21:40 | Queue | Villager (Male) |
| 21:44 | Build | Monastery |
| 21:47 | Build | Town Center |
| 22:21 | Queue | Villager (Male) |
| 22:23 | Queue | Villager (Male) |
| 22:29 | Build | Farm |
| 22:29 | Build | Farm |
| 22:30 | Build | Farm |
| 22:30 | Build | Farm |
| 22:30 | Build | Farm |
| 22:30 | Build | Farm |
| 22:33 | Queue | Monk |
| 22:34 | Queue | Villager (Male) |
| 22:56 | Research | Wheelbarrow |
| 23:08 | Queue | Villager (Male) |
| 23:10 | Build | Farm |
| 23:11 | Build | Farm |
| 23:11 | Build | Farm |
| 23:11 | Build | Farm |
| 23:11 | Build | Farm |
| 23:16 | Queue | Villager (Male) |
| 23:17 | Queue | Villager (Male) |
| 23:27 | Queue | Villager (Male) |
| 23:28 | Queue | Villager (Male) |
| 23:29 | Queue | Villager (Male) |
| 23:40 | Build | House |
| 23:41 | Build | House |
| 23:46 | Queue | Villager (Male) |
| 23:54 | Queue | Monk |
| 23:56 | Queue | Villager (Male) |
| 24:06 | Queue | Battering Ram |
| 24:11 | Build | Outpost |
| 24:12 | Build | Outpost |
| 24:15 | Queue | Villager (Male) |
| 24:17 | Queue | Villager (Male) |
| 24:19 | Queue | Monk |
| 24:30 | Queue | Obuch |
| 24:33 | Queue | Villager (Male) |
| 24:41 | Build | Farm |
| 25:06 | Queue | Obuch |
| 25:07 | Queue | Obuch |
| 25:07 | Queue | Obuch |
| 25:19 | Queue | Villager (Male) |
| 25:21 | Build | House |
| 25:22 | Build | House |
| 25:22 | Queue | Villager (Male) |
| 25:34 | Queue | Villager (Male) |
| 25:36 | Build | Mill |
| 25:37 | Build | Farm |
| 25:37 | Build | Farm |
| 25:37 | Build | Farm |
| 25:37 | Build | Farm |
| 25:38 | Build | Farm |
| 25:38 | Build | Farm |
| 25:38 | Build | Farm |
| 25:38 | Build | Farm |
Match timeline
| 7:56 | KryptixXL · wall_segment Palisade Wall x5 |
| 7:59 | KryptixXL · wall_segment Palisade Wall x1 |
| 8:09 | DS_Gabo · age_up feudal |
| 8:38 | KryptixXL · wall_segment Palisade Wall x9 |
| 9:20 | KryptixXL · wall_segment Palisade Wall x13 |
| 10:23 | KryptixXL · age_up feudal |
| 11:30 | KryptixXL · wall_segment Palisade Wall x1 |
| 15:35 | KryptixXL · wall_segment Stone Wall x1 |
| 19:37 | KryptixXL · first_market_buy 100 food |
| 19:44 | KryptixXL · first_market_sell 100 wood |
| 21:02 | DS_Gabo · age_up castle |
| 21:07 | DS_Gabo · first_market_sell 100 food |
| 21:09 | DS_Gabo · first_market_buy 100 stone |
| 21:19 | DS_Gabo · first_building Castle |
| 21:39 | DS_Gabo · first_building Siege Workshop |
| 21:44 | DS_Gabo · first_building Monastery |
| 22:28 | KryptixXL · age_up castle |
| 22:46 | KryptixXL · first_building Siege Workshop |
| 22:50 | KryptixXL · first_building Castle |
| 27:55 | KryptixXL · age_up imperial |
| 28:14 | DS_Gabo · first_building Barracks |
| 29:20 | DS_Gabo · first_building Stable |
| 30:25 | DS_Gabo · age_up imperial |
| 31:10 | KryptixXL · wall_segment Stone Wall x1 |
| 31:23 | KryptixXL · wall_segment Stone Wall x3 |
| 36:26 | KryptixXL · first_building Barracks |
| 38:04 | DS_Gabo · first_building Archery Range |
| 43:20 | KryptixXL · first_building Archery Range |
| 44:32 | KryptixXL · resign |
[ AI ANALYSIS · 1 CREDIT ]
What really happened in this match?
Wolo.gg analyzes every decision: build order, eco, micro, common mistakes by bracket. Personalized analysis on WhatsApp or Discord in 30 seconds.
Civ guide
Bohemians
Perfil
KryptixXL